Map: Jagannatha LE

Players

Vanya - Winner!

  • Race: Zerg Zerg

Lilbow

  • Race: Protoss Protoss

Event: DreamHack SC2 Masters 2021 Fall

VOD

Have the link to the VOD?

Description

Time

  • Played on: Aug. 8, 2021, 12:39 p.m.
  • Length: 7:25

All games in this series

Show
View Real Time Build Order
Export as new Build Order

Vanya Zerg - Winner!

Build Orders: Pool First 

Get SALT Encoding   

  12  0:00  Drone  
  13  0:12  Overlord  
  13  0:17  Drone  
  14  0:30  Drone x2  
  14  0:34  Drone  
  17  0:46  Spawning Pool  
  16  1:06  Hatchery  
  16  1:10  Drone  
  16  1:13  Drone  
  17  1:33  Queen  
  17  1:34  Zergling x6  
  22  1:41  Evolution Chamber  
  22  1:47  Overlord  
  23  1:59  Extractor, Drone  
  22  2:03  Hatchery  
  22  2:07  Drone  
  22  2:10  Queen  
  24  2:17  Drone  
  25  2:28  Drone  
  26  2:35  Hatchery  
  25  2:38  Drone  
  26  2:45  Drone  
  27  2:54  Drone  
  28  2:59  Queen  
  28  3:03  Metabolic Boost  
  30  3:16  Zergling x4  
  30  3:17  Overlord  
  30  3:19  Drone  
  33  3:23  Drone x2  
  33  3:26  Drone  
  36  3:36  Drone  
  36  3:38  Drone x2  
  36  3:41  Queen  
  39  3:46  Overlord  
  39  3:48  Drone  
  42  3:50  Drone  
  42  3:54  Drone x2  
  45  3:59  Overlord  
  45  4:00  Drone  
  46  4:06  Spore Crawler  
  46  4:07  Drone x2  
  46  4:08  Drone  
  48  4:10  Drone  
  48  4:13  Drone  
  48  4:16  Drone x2  
  52  4:18  Drone  
  52  4:22  Drone  
  54  4:25  Queen  
  54  4:28  Drone x2  
  58  4:34  Overlord  
  58  4:35  Overlord  
  58  4:44  Roach Warren  
  57  4:45  Drone  
  57  4:52  Queen  
  60  4:53  Drone x6  
  60  4:58  Drone x3  
  69  5:06  Extractor, Queen  
  70  5:07  Extractor  
  70  5:08  Drone x2  
  70  5:11  Drone  
  70  5:13  Overlord x2  
  71  5:25  Overlord  
  69  5:33  Roach x9  
  87  5:38  Spore Crawler  
  87  5:41  Overlord  
  86  5:44  Overlord  
  86  5:46  Zergling x8  
  86  5:47  Zergling x2  
  91  5:52  Zergling x6  
  93  5:57  Overlord  
  93  6:01  Zergling x10  
  97  6:05  Lair  
  96  6:12  Zergling x6  
  96  6:14  Queen  
  96  6:17  Ravager x3  
  104  6:21  Zergling x10  
  104  6:23  Ravager  
  108  6:27  Zergling x8  
  108  6:30  Ravager  
  108  6:32  Queen  
  115  6:37  Overlord  
  115  6:38  Zergling x6  
  119  6:40  Ravager  
  113  6:50  Overlord  
  113  6:51  Zergling x14  
  110  6:56  Zergling x6  
  110  7:01  Zergling x2  
  106  7:10  Ravager x2, Drone x2  
Show
View Real Time Build Order
Export as new Build Order

Lilbow Protoss 

Build Orders:  

Get SALT Encoding   

  12  0:00  Probe  
  13  0:14  Pylon  
  13  0:17  Probe (Chrono Boost)  
  14  0:27  Probe (Chrono Boost)  
  15  0:32  Probe (Chrono Boost)  
  16  0:38  Gateway  
  16  0:44  Probe  
  16  0:49  Assimilator  
  17  0:56  Probe  
  18  1:08  Probe  
  19  1:20  Probe  
  19  1:23  Zealot (Chrono Boost)  
  19  1:24  Pylon  
  22  1:32  Cybernetics Core  
  22  1:46  Pylon  
  22  2:04  Probe  
  23  2:11  Nexus  
  23  2:15  Adept (Chrono Boost)  
  26  2:26  Assimilator, Probe  
  26  2:34  Pylon  
  26  2:38  Probe  
  27  2:50  Probe  
  28  3:02  Stargate, Probe  
  29  3:12  Warp Gate  
  29  3:16  Probe (Chrono Boost)  
  30  3:23  Probe (Chrono Boost)  
  32  3:30  Probe (Chrono Boost)  
  32  3:34  Probe (Chrono Boost)  
  33  3:38  Probe (Chrono Boost)  
  33  3:39  Void Ray (Chrono Boost)  
  35  3:41  Probe (Chrono Boost)  
  35  3:43  Probe (Chrono Boost)  
  40  3:50  Probe  
  40  3:53  Nexus  
  41  3:56  Probe  
  41  4:02  Probe  
  43  4:05  Gateway  
  43  4:08  Probe  
  44  4:14  Probe  
  45  4:20  Oracle (Chrono Boost), Probe  
  45  4:22  Pylon  
  49  4:26  Probe  
  50  4:32  Assimilator, Probe  
  50  4:34  Assimilator  
  50  4:38  Pylon, Probe  
  51  4:44  Probe  
  53  4:48  Stargate  
  53  4:50  Forge, Probe  
  54  4:54  Pylon  
  54  4:56  Probe (Chrono Boost)  
  55  5:05  Robotics Facility  
  55  5:06  Probe x2 (Chrono Boost)  
  58  5:14  Probe (Chrono Boost)  
  58  5:16  Probe (Chrono Boost)  
  58  5:18  Probe (Chrono Boost)  
  61  5:21  Probe (Chrono Boost)  
  61  5:22  Probe (Chrono Boost)  
  61  5:26  Void Ray x2  
  61  5:27  Probe (Chrono Boost)  
  63  5:32  Probe (Chrono Boost)  
  73  5:38  Probe x2 (Chrono Boost)  
  73  5:39  Shield Battery  
  73  5:41  Probe (Chrono Boost)  
  75  5:43  Probe (Chrono Boost)  
  75  5:45  Probe (Chrono Boost)  
  75  5:46  Shield Battery  
  75  5:47  Probe  
  80  5:57  Robotics Bay  
  80  5:59  Immortal  
  81  6:08  Photon Cannon  
  81  6:09  Photon Cannon  
  81  6:10  Photon Cannon  
  81  6:11  Photon Cannon, Void Ray  
  81  6:13  Photon Cannon  
  85  6:26  Shield Battery  
  85  6:27  Shield Battery x2  
  85  6:29  Pylon  
  85  6:33  Sentry  
  85  6:41  Void Ray  
  85  6:43  Pylon x2  
  85  6:50  Zealot  
  87  7:03  Photon Cannon  
  87  7:05  Photon Cannon  
  79  7:12  Zealot  
  79  7:13  Probe  

Tags
 
Add a new tag
Caveats
  • Supply blocks, unpowered buildings, or Contaminate may cause inaccurate times.
  • Supply counts are checked every 10 seconds.